 Dungeon Crawl Stone Soup version 0.21-a0-85-ga0cb861 (webtiles) character file.

5497 grindst0ne the Protected (level 11, -11/90 HPs)
             Began as a Formicid Fighter on June 25, 2017.
             Was a Follower of Okawaru.
             Mangled by a phantasmal warrior (28 damage)
             ... led by a death knight
             ... on level 10 of the Dungeon.
             The game lasted 00:13:16 (9274 turns).

grindst0ne the Protected (Formicid Fighter)         Turns: 9274, Time: 00:13:17

Health: -11/90     AC: 15    Str: 22    XL:     11   Next: 1%
Magic:  11/11      EV:  6    Int:  7    God:    Okawaru [*.....]
Gold:   508        SH: 11    Dex: 13    Spells: 10/10 levels left

rFire    . . .     SeeInvis +   a - +0 war axe
rCold    . . .     Gourm    .   c - +0 shield
rNeg     + . .     Faith    .   h - +0 plate armour
rPois    .         Spirit   .   (helmet unavailable)
rElec    .         Reflect  .   t - +0 cloak
rCorr    .         Harm     .   (no gloves)
MR       +....                  (no boots)
Stlth    ..........             E - amulet of magic regeneration
HPRegen  0.25/turn              p - ring of positive energy
MPRegen  0.37/turn              r - ring of flight

@: starving
A: permanent stasis, dig shafts and tunnels, four strong arms, antennae 3
a: Dig, Shaft Self, Heroism, Renounce Religion, Evoke Flight


You were on level 10 of the Dungeon.
You worshipped Okawaru.
Okawaru was aware of your devotion.
You were starving.

You visited 2 branches of the dungeon, and saw 10 of its levels.

You collected 508 gold pieces.

Inventory:

Hand Weapons
 a - a +0 war axe (weapon)
Armour
 b - a +0 scale mail
 c - a +0 shield (worn)
 h - a +0 plate armour (worn)
 t - a +0 cloak (worn)
Jewellery
 p - a ring of positive energy (left hand)
 r - a ring of flight (right hand)
 E - an amulet of magic regeneration (around neck)
Wands
 s - a wand of acid (1/15)
 u - a wand of disintegration (4/24)
 z - a wand of acid (0/15)
Scrolls
 d - 2 scrolls of recharging {unknown}
 e - 3 scrolls of blinking {unknown}
 g - 3 scrolls of enchant armour {unknown}
 i - 7 scrolls of identify {unknown}
 k - a scroll of magic mapping {unknown}
 m - 2 scrolls of fear {unknown}
 n - 3 scrolls of noise {unknown}
 x - 6 scrolls of remove curse {unknown}
 y - 7 scrolls of teleportation {unknown}
 F - a scroll of enchant weapon {unknown}
Potions
 l - 2 potions of degeneration
 v - a potion of magic
 A - a potion of heal wounds
 B - a potion of flight {unknown}
 C - 2 potions of resistance {unknown}
 D - a potion of curing
Comestibles
 f - 4 bread rations
 j - 5 meat rations
 o - 6 chunks of flesh
 q - a royal jelly
 w - 6 fruits


   Skills:
 + Level 9.7 Fighting
 + Level 9.1 Axes
 + Level 9.9 Armour
 - Level 7.0 Shields


You had 10 spell levels left.
You didn't know any spells.

Dungeon Overview and Level Annotations

Branches:
Dungeon (8/15)             Temple (1/1) D:6
   Lair: D:8-11

Altars:
Ashenzari
Cheibriados
Dithmenos
Elyvilon
Fedhas
Gozag
Hepliaklqana
Kikubaaqudgha
Makhleb
Nemelex Xobeh
Okawaru
Qazlal
Ru
Sif Muna
Trog
Uskayaw
Vehumet
Wu Jian
Xom
Yredelemnul
Zin
The Shining One

Shops:
D:7 :


Innate Abilities, Weirdness & Mutations

You cannot be hasted, slowed, berserked, paralysed or teleported.
You can dig through walls and to a lower floor.
Your four strong arms can wield two-handed weapons with a shield.
You have a pair of large antennae on your head. (SInv)


Message History

You see here a leather armour.
Some of the chunks of flesh in your inventory have rotted away.
The hungry ghost hits you.
You are near starving!
The phantasmal warrior blinks!
Found 25 sling bullets.
You hit the phantasmal warrior.
The phantasmal warrior is lightly damaged.
You hit the hungry ghost but do no damage.
The phantasmal warrior hits you!! The hungry ghost hits you.
You feel somewhat more hungry.
You hit the phantasmal warrior but do no damage.
The phantasmal warrior is lightly damaged.
You slash the hungry ghost! The phantasmal warrior hits you!
The hungry ghost hits you.
You are starving!
The phantasmal warrior hits you!!
* * * LOW HITPOINT WARNING * * *
The phantasmal warrior hits you!!
You die...

........#.W..........#
........#####+#......#
.......... #[..#..#
.......... #......#
.......... #.W....#
.......... #..#...#
.......... #zW#...#
........#######W.....#
......(.#.......@....#
........#............#
........#.####.......#
........# .....##..#
........# ......# ..#
...###### ####(..# .#
...# ..... .# ...#
...... ...#


You could see a skeletal warrior, a phantasmal warrior, a hungry ghost and a
wraith.

Vanquished Creatures
  A two-headed ogre (D:8)
  A troll (D:6)
  5 hippogriffs (D:7)
  A hornet (D:7)
  Sigmund (D:2)
  A wraith (D:6)
  Menkaure (D:5)
  Edmund (D:6)
  An ice beast (D:7)
  2 orc warriors (D:6)
  A black bear (D:6)
  4 ogres
  A centaur (D:6)
  A big kobold (D:7)
  2 bullfrogs
  2 scorpions
  A howler monkey (D:5)
  2 bullfrog zombies (D:5)
  8 crimson imps
  8 orc priests
  17 orc wizards
  Crazy Yiuf (D:2)
  A centaur skeleton (D:4)
  4 hounds
  2 jellies
  3 bullfrog skeletons
  2 iguanas
  Terence (D:3)
  5 worker ants
  Ijyb (D:3)
  A killer bee zombie (D:5)
  A howler monkey zombie (D:6)
  3 gnolls (D:2)
  13 adders
  A shadow imp (D:7)
  2 oozes (D:2)
  An adder skeleton (D:7)
  An adder zombie (D:6)
  4 worms
  4 leopard geckos
  31 orcs
  A ball python (D:2)
  4 giant cockroaches
  3 hobgoblins (D:1)
  13 jackals
  11 kobolds
  7 quokkas
  5 bats
  3 frilled lizards
  4 goblins
  6 rats
201 creatures vanquished.

Notes
Turn   | Place    | Note
-------+----------+-------------------------------------------
     0 | D:1      | grindst0ne the Formicid Fighter began the quest for the Orb.
     0 | D:1      | Reached XP level 1. HP: 18/18 MP: 1/1
   340 | D:1      | Reached XP level 2. HP: 16/24 MP: 2/2
  1083 | D:2      | Reached XP level 3. HP: 29/29 MP: 3/3
  1139 | D:2      | Reached XP level 4. HP: 31/37 MP: 4/4
  1183 | D:2      | Found a faded altar of an unknown god.
  1222 | D:2      | Noticed Sigmund
  1246 | D:2      | Killed Sigmund
  1246 | D:2      | Reached skill level 5 in Shields
  1246 | D:2      | Reached XP level 5. HP: 13/43 MP: 5/5
  1246 | D:2      | Reached XP level 6. HP: 15/49 MP: 6/6
  1492 | D:2      | Found a runed door.
  1965 | D:2      | Noticed Crazy Yiuf
  1979 | D:2      | Killed Crazy Yiuf
  2195 | D:3      | Noticed Terence
  2196 | D:3      | Noticed Ijyb
  2231 | D:3      | Killed Ijyb
  2243 | D:3      | Killed Terence
  2504 | D:3      | Reached XP level 7. HP: 29/55 MP: 7/7
  2805 | D:3      | Found a white marble altar of Elyvilon.
  2900 | D:3      | Reached skill level 5 in Armour
  2901 | D:3      | Found a shimmering altar of Xom.
  3053 | D:4      | Reached skill level 5 in Fighting
  3245 | D:4      | Found a stormy altar of Qazlal.
  3249 | D:4      | Found a blossoming altar of Fedhas.
  3320 | D:4      | Found a shadowy altar of Dithmenos.
  3322 | D:4      | Found a snail-covered altar of Cheibriados.
  3447 | D:4      | Reached XP level 8. HP: 58/63 MP: 8/8
  3682 | D:5      | Entered Level 5 of the Dungeon
  4107 | D:5      | Found a deep blue altar of Sif Muna.
  4314 | D:5      | Reached skill level 5 in Axes
  4354 | D:5      | Found a hide-covered altar of Uskayaw.
  4812 | D:5      | Noticed Menkaure
  4821 | D:5      | Killed Menkaure
  5310 | D:5      | Reached XP level 9. HP: 62/71 MP: 9/9
  5902 | D:6      | Found a glowing silver altar of Zin.
  6933 | D:6      | Noticed Edmund
  6952 | D:6      | Killed Edmund
  6958 | D:6      | Found a staircase to the Ecumenical Temple.
  7223 | D:6      | Reached XP level 10. HP: 66/80 MP: 10/10
  8298 | D:7      | Found Udghey Idyosi's Book Boutique.
  8810 | Temple   | Entered the Ecumenical Temple
  8861 | Temple   | Became a worshipper of Warmaster Okawaru
  8995 | D:8      | Noticed a two-headed ogre
  9000 | D:8      | Killed a two-headed ogre
  9000 | D:8      | Reached * piety under Okawaru
  9164 | D:8      | You fall through a shaft for 2 floors!
  9164 | D:10     | Entered Level 10 of the Dungeon
  9178 | D:10     | Reached XP level 11. HP: 90/90 MP: 11/11
  9230 | D:10     | Noticed a skeletal warrior
  9230 | D:10     | Noticed a phantasmal warrior
  9274 | D:10     | Mangled by a phantasmal warrior

Vault maps used:
D:1:      minmay_arrival_up_and_down
D:2:      cheibrodos_old_hovel, chequers_ecumenical_altar_grove, uniq_sigmund,
          uniq_crazy_yiuf_cottage
D:3:      lemuel_round_altar, lemuel_round_altar, uniq_terence, uniq_ijyb
D:4:      grunt_temple_overflow_forces_of_nature, grunt_temple_overflow_open,
          first_bread
D:5:      lemuel_doored_altar, nicolae_overflow_crystal_walls,
          minmay_small_thing, uniq_menkaure
D:6:      cheibrodos_barr_body, overflow_temple_1_default,
          lemuel_temple_firewalk_b, uniq_edmund
D:7:      serial_shops, shop_statue
D:8:      serial_shops, kennysheep_mini_moat, shop, uniq_psyche
Temple:   cyrus_circular_temple

Skill      XL: |  1  2  3  4  5  6  7  8  9 10 |
---------------+-------------------------------+-----
Shields        | 4 5 6 7 |  7.0
Fighting       | 4 5 6 8 9 |  9.7
Axes           | 3 4 5 7 9 |  9.1
Armour         | 4 5 6 8 9 |  9.9

Action                   |  1- 3 |  4- 6 |  7- 9 | 10-12 || total
-------------------------+-------+-------+-------+-------++-------
Melee: War axe           |   105 |   137 |   619 |   166 ||  1027
 Abil: Dig               |     1 |     4 |    27 |     3 ||    35
Evoke: Wand              |       |       |       |     5 ||     5
  Use: Potion            |       |     1 |     7 |       ||     8
  Eat: Chunk             |       |     6 |    19 |     7 ||    32
Armor: Plate armour      |    64 |    59 |   285 |    96 ||   504
       Scale mail        |     8 |       |       |       ||     8
Dodge: Dodged            |    29 |    22 |   126 |    39 ||   216
Block: Shield            |    61 |    66 |   315 |   102 ||   544
